 Dungeon Crawl Stone Soup version 0.29-a0-352-g0917bc69df (webtiles) character file.

Game seed: 10908156171831618827

531 jlumianski the Chopper (level 7, -6/54 HPs)
             Began as a Demonspawn Fighter on Apr 23, 2022.
             Was an Initiate of Wu Jian.
             Mangled by an orc warrior
             ... wielding a +0 war axe
              (8 damage)
             ... on level 4 of the Dungeon on Apr 24, 2022.
             The game lasted 00:15:55 (4899 turns).

jlumianski the Chopper (Demonspawn Fighter)         Turns: 4899, Time: 00:15:55

Health: -6/54      AC: 11    Str: 18    XL:     7   Next: 3%
Magic:  7/7        EV:  7    Int: 16    God:    Wu Jian [......]
Gold:   236        SH:  9    Dex: 18    Spells: 6/6 levels left

rFire   + . .      SeeInvis .   a - +0 war axe (venom)
rCold   . . .      Faith    +   c - +0 buckler
rNeg    . . .      Spirit   .   x - +0 chain mail
rPois   .          Reflect  .   (helmet restricted)
rElec   .          Harm     .   i - +1 cloak
rCorr   +          Rampage  .   (no gloves)
Will    .....                   (no boots)
Stlth   ..........              r - amulet of faith
HPRegen 0.18/turn               n - ring of Boshuinn {rF+ rCorr Int+6}
MPRegen 0.10/turn               y - +6 ring of dexterity

@: no status effects
A: antennae 2, demonic guardian 2, condensation shield, weakness stinger 1
a: Renounce Religion


You were on level 4 of the Dungeon.
You worshipped Wu Jian.
Wu Jian was noncommittal.
You visited 2 branches of the dungeon, and saw 7 of its levels.

You collected 236 gold pieces.

Inventory:

Hand Weapons
 a - a +0 war axe of venom (weapon)
 B - a +2 dagger of freezing
 G - a +0 rapier
Missiles
 e - a throwing net
 h - 254 stones
 k - 6 poisoned darts
 m - 2 javelins (quivered)
 q - 5 atropa-tipped darts
Armour
 b - a +0 scale mail
 c - a +0 buckler (worn)
 i - a +1 cloak (worn)
 x - a +0 chain mail (worn)
 F - a +0 pair of gloves
Jewellery
 n - the ring of Boshuinn (left hand) {rF+ rCorr Int+6}
   (You found it on level 4 of the Dungeon)

   [ring of intelligence]

   Int:       It affects your intelligence (+6).
   rF:        It protects you from fire.
   rCorr:     It protects you from acid and corrosion.
 o - a ring of see invisible
 r - an amulet of faith (around neck)
 y - a +6 ring of dexterity (right hand)
Wands
 s - a wand of digging (2)
 w - a wand of polymorph (5)
Scrolls
 p - a scroll of teleportation
 E - a scroll of silence
 H - a scroll of blinking
Potions
 d - a potion of might
 f - 2 potions of cancellation
 g - a potion of flight
 j - a potion of mutation
 l - a potion of resistance {unknown}
 t - 2 potions of heal wounds
 u - 3 potions of curing
 v - a potion of haste
 z - a potion of attraction


   Skills:
 + Level 4.0 Fighting
 + Level 4.7 Axes
 + Level 0.2 Throwing
 + Level 4.1 Armour
 + Level 0.3 Dodging
 * Level 1.7 Stealth
 + Level 3.4 Shields


You had 6 spell levels left.
You didn't know any spells.
Your spell library contained the following spells:

 Spells                   Type           Power      Damage    Failure   Level
 Blink                    Tloc           0%         N/A       99%         2
 Inner Flame              Hex/Fire       0%         N/A       100%        3
 Lesser Beckoning         Tloc           0%         N/A       100%        3
 Cause Fear               Hex            0%         N/A       100%        4
 Manifold Assault         Tloc           0%         N/A       100%        5
 Discord                  Hex            0%         N/A       100%        8


Dungeon Overview and Level Annotations

Branches:
Dungeon (6/15)             Temple (1/1) D:4

Altars:
Ashenzari
Cheibriados
Dithmenos
Elyvilon
Fedhas
Gozag
Kikubaaqudgha
Makhleb
Nemelex Xobeh
Okawaru
Ru
Sif Muna
Trog
Uskayaw
Vehumet
Wu Jian
Zin
The Shining One


Innate Abilities, Weirdness & Mutations

You have a pair of antennae on your head.
A demonic guardian rushes to your aid.
A meltable shield of frost defends you. (SH +4)
You have a small tail.


Message History

You block the orc warrior's attack.
The orc warrior hits you with a +0 war axe!
* * * LOW HITPOINT WARNING * * *
You barely miss the orc warrior.
The orc warrior is moderately wounded.
You block the orc warrior's attack.
The orc warrior attacks as you move away!
The orc warrior hits you with a +0 war axe.
* * * LOW HITPOINT WARNING * * *
What are your orders? t - Shout!
Orders for allies: a - Attack new target. r - Retreat! s - Stop attacking. g - Guard the area. f - Follow me.
Anything else - Cancel.
Okay, then.
Unknown command.
Okay, then.
You feel much better. You block the orc warrior's attack.
You barely miss the orc warrior. You tail-slap the orc warrior.
The orc warrior is heavily wounded.
The orc warrior hits you with a +0 war axe!
You barely miss the orc warrior.
The orc warrior is heavily wounded.
The orc warrior hits you but does no damage.
The orc warrior closely misses you.
You hit the orc warrior.
The orc warrior looks as sick as possible!
The orc warrior is heavily wounded.
The orc warrior hits you but does no damage.
You barely miss the orc warrior.
The orc warrior is severely wounded.
The orc warrior hits you with a +0 war axe!
* * * LOW HITPOINT WARNING * * *
The orc warrior attacks as you move away!
The orc warrior hits you with a +0 war axe!
* * * LOW HITPOINT WARNING * * *
The orc warrior attacks as you move away!
The orc warrior hits you with a +0 war axe!
You die...

########## .........#
.#######.##############
.# #.........@o....# .#
####..############.# .#
#.....## #.#
.###.###..# #># .....#
##.# #.# .##### #.# #.#
.# #.# #.# ## #.# #.# #
#.# #.#


You could see an orc warrior (extremely poisoned).

Vanquished Creatures
  A wyvern (D:4)
  Eustachio (D:4)
  A scorpion (D:4)
  An iguana (D:4)
  8 adders
  An ufetubus (D:4)
  A worm (D:2)
  A dart slug (D:1)
  3 orcs
  3 bats
  5 endoplasms
  3 giant cockroaches
  5 goblins
  4 hobgoblins
  14 jackals
  2 kobolds
  2 quokkas
  12 ball pythons
  4 frilled lizards
  4 rats
76 creatures vanquished.

Vanquished Creatures (collateral kills)
  2 orcs (D:3)
2 creatures vanquished.

Grand Total: 78 creatures vanquished

Notes
Turn   | Place    | Note
-------+----------+-------------------------------------------
     0 | D:1      | jlumianski the Demonspawn Fighter began the quest for the
                  | Orb.
     0 | D:1      | Reached XP level 1. HP: 18/18 MP: 1/1
   689 | D:1      | Discovered your monstrous ancestry.
   689 | D:1      | Gained mutation: You have a pair of small antennae on your
                  | head. [demonic ancestry]
   689 | D:1      | Reached XP level 2. HP: 24/24 MP: 2/2
  1223 | D:2      | Gained mutation: A meltable shield of frost defends you.
                  | (SH +4) [demonic ancestry]
  1223 | D:2      | Reached XP level 3. HP: 19/29 MP: 3/3
  1387 | D:2      | Found a shimmering blue altar of Sif Muna.
  2118 | D:2      | Gained mutation: A weak demonic guardian rushes to your
                  | aid. [demonic ancestry]
  2118 | D:2      | Reached XP level 4. HP: 31/35 MP: 4/4
  3646 | D:4      | Noticed a scorpion
  3651 | D:4      | Killed a scorpion
  3652 | D:4      | Gained mutation: A demonic guardian rushes to your aid.
                  | [demonic ancestry]
  3652 | D:4      | Reached XP level 5. HP: 38/41 MP: 5/5
  3670 | D:4      | Found a staircase to the Ecumenical Temple.
  3682 | Temple   | Entered the Ecumenical Temple
  3731 | Temple   | Became a worshipper of the Wu Jian Council
  3841 | D:4      | Identified the ring of Boshuinn {rF+ rCorr Int+6}
  4017 | D:5      | Entered Level 5 of the Dungeon
  4017 | D:5      | Noticed Eustachio
  4637 | D:4      | Killed Eustachio
  4638 | D:4      | Reached skill level 1 in Stealth
  4638 | D:4      | Gained mutation: You have a pair of antennae on your head.
                  | [demonic ancestry]
  4638 | D:4      | Reached XP level 6. HP: 48/48 MP: 6/6
  4768 | D:5      | Noticed an orc warrior
  4769 | D:5      | Noticed a wyvern
  4786 | D:4      | Killed a wyvern
  4787 | D:4      | Gained mutation: You have a small tail. [demonic ancestry]
  4787 | D:4      | Reached XP level 7. HP: 37/54 MP: 7/7
  4897 | D:4      | HP: 2/54 [orc warrior/+0 war axe (12)]
  4899 | D:4      | Mangled by an orc warrior

Illustrated notes

Levels and vault maps discovered:
D:1:      ebering_hopf_link, layout_basic
D:2:      layout_rooms, basic_altar
D:3:      layout_basic, serial_rivers, chequers_serial_rivers_micro_e,
          chequers_serial_rivers_marsh, chequers_serial_rivers_marsh,
          chequers_serial_rivers_small_3, chequers_serial_rivers_micro_d
D:4:      layout_loops_ring, minmay_temple_entry_gardened_gates
D:5:      minmay_recursive_quarters, layout_rooms, patterned_corridor,
          uniq_eustachio
D:6:      layout_loops_corners, nicolae_overflow_squiral, gammafunk_ghost_smash,
          uniq_blork_the_orc
Temple:   mainiacjoe_temple_coin_purse

Skill      XL: |  1  2  3  4  5  6 |
---------------+-------------------+-----
Armour         | 3 4 |  4.1
Axes           | 2 3 4 |  4.7
Shields        | 3 |  3.4
Stealth        | 1 |  1.7
Fighting       | 4 |  4.0
Throwing       | |  0.2
Dodging        | |  0.3

Action                   |  1- 3 |  4- 6 |  7- 9 || total
-------------------------+-------+-------+-------++-------
Melee: War axe           |   137 |   101 |     9 ||   247
       Tailslap          |       |       |     2 ||     2
Throw: Javelin           |     2 |       |       ||     2
       Throwing net      |     1 |       |       ||     1
Invok: Lunge             |       |     6 |       ||     6
  Use: Scroll            |       |    13 |       ||    13
       Potion            |       |     6 |     1 ||     7
Armor: Scale mail        |    81 |       |       ||    81
       Chain mail        |    12 |    44 |     3 ||    59
Dodge: Dodged            |    70 |    35 |     1 ||   106
Block: Buckler           |    58 |    60 |     4 ||   122

Table legend: (Time is in decaauts)
 A = Elapsed time spent in this place.
 B = Non-inter-level travel time spent in this place.
 C = Inter-level travel time spent in this place.
 D = Time resting spent in this place.
 E = Time spent auto-exploring this place.
 F = Levels seen in this place.
 G = Mean time per level.
                   A        B        C        D        E       F      G
               +--------+--------+--------+--------+--------+-----+--------+
         Total |   5014 |   4945 |     69 |    573 |   2944 |   7 |  716.3 |
       Dungeon |   4883 |   4814 |     69 |    573 |   2852 |   6 |  813.8 |
        Temple |    130 |    130 |      0 |      0 |     92 |   1 |  130.0 |
               +--------+--------+--------+--------+--------+-----+--------+

Top non-repeatable levels by time:
     D:3: 1354 daAuts
     D:1: 1160 daAuts
     D:2: 1141 daAuts
     D:4: 1094 daAuts
  Temple: 130 daAuts
     D:5: 130 daAuts
     D:6: 2 daAuts
